 Dungeon Crawl Stone Soup version 0.30-a0-723-gc1506a1cf0 (webtiles) character file.

Game seed: 14212715436884599105

2058 sircluck the Covered (level 9, -7/77 HPs)
             Began as an Armataur Fighter on Jan 28, 2023.
             Mangled by Joseph
             ... wielding a +2 heavy quarterstaff
              (12 damage)
             ... on level 7 of the Dungeon.
             The game lasted 00:25:07 (7055 turns).

sircluck the Covered (Armataur Fighter)             Turns: 7055, Time: 00:25:08

Health: -7/77      AC: 14    Str: 24    XL:     9   Next: 5%
Magic:  0/9        EV:  8    Int: 23    God:
Gold:   430        SH:  5    Dex: 11    Spells: 8/8 levels left

rFire   . . .      SeeInvis .    u - +5 rapier of Ofey {venom, *Corrode rElec Int+2}
rCold   . . .      Faith    .    c - +0 buckler
rNeg    . . .      Spirit   +    b - +0 scale mail
rPois   .          Reflect  .    z - +2 helmet
rElec   +          Harm     .    B - +0 cloak
rCorr   .          Roll     +    (no gloves)
Will    .....                    (no barding)
Stlth   +                        m - amulet of guardian spirit
HPRegen 0.32/turn                p - +6 ring of intelligence
MPRegen 0.11/turn                v - +6 ring of intelligence

@: no status effects
A: large, rugged brown scales 3, deformed body, armoured tail, roll, long
tongue, awkward tongue, hooves 1, iridescent scales 1, wild magic 1, MP-powered
wands
a: no special abilities


You were on level 7 of the Dungeon.
You visited 1 branch of the dungeon, and saw 7 of its levels.

You collected 430 gold pieces.

Inventory:

Hand Weapons
 a - a +0 long sword
 h - a +4 hand axe
 j - a +0 arbalest
 s - a +0 sling
 u - the +5 rapier of Ofey (weapon) {venom, *Corrode rElec Int+2}
   (You found it on level 2 of the Dungeon)

   Int:       It affects your intelligence (+2).
   rElec:     It insulates you from electricity.
   *Corrode:  It may corrode you when you take damage.
 x - a +1 dagger of freezing
 y - a +4 dagger
 G - a +3 whip
 K - the +4 hammer "Ekilauc" {flame, rCorr Dex+3}
   (You found it on level 4 of the Dungeon)

   Dex:       It affects your dexterity (+3).
   rCorr:     It protects you from acid and corrosion.
 L - a +2 quarterstaff of chaos
 Q - a +2 antimagic short sword
 T - a +3 morningstar of freezing
Missiles
 l - 60 stones
 o - 9 poisoned darts (quivered)
 R - a curare-tipped dart
Armour
 b - a +0 scale mail (worn)
 c - a +0 buckler (worn)
 z - a +2 helmet (worn)
 B - a +0 cloak (worn)
 I - the +1 robe "Foiqac" {Harm rElec Str+3}
   (You found it on level 4 of the Dungeon)

   Str:       It affects your strength (+3).
   rElec:     It insulates you from electricity.
   Harm:      It increases damage dealt and taken.
 M - a +2 hat
 P - a +2 robe of willpower
Jewellery
 m - an amulet of guardian spirit (around neck)
 p - a +6 ring of intelligence (left hand)
 v - a +6 ring of intelligence (right hand)
Wands
 H - a wand of light (21)
 J - a wand of roots (8)
Scrolls
 e - a scroll of amnesia {unknown}
 f - 4 scrolls of fear {unknown}
 k - 9 scrolls of identify {unknown}
 n - a scroll of noise {unknown}
 q - 2 scrolls of enchant armour {unknown}
 r - 3 scrolls of immolation {unknown}
 t - a scroll of acquirement {unknown}
 w - 2 scrolls of teleportation {unknown}
 C - 2 scrolls of poison {unknown}
 D - 3 scrolls of vulnerability {unknown}
 N - 2 scrolls of blinking {unknown}
Potions
 d - a potion of might
 g - 2 potions of invisibility
 i - 2 potions of attraction {unknown}
 A - 2 potions of curing {unknown}
 E - a potion of cancellation {unknown}
 F - 2 potions of degeneration {unknown}
 O - a potion of flight {unknown}
 S - a potion of mutation


   Skills:
 + Level 4.7 Fighting
 + Level 6.1(6.4) Short Blades
 + Level 2.7(4.8) Long Blades
 + Level 0.5 Throwing
 + Level 7.8 Armour
 + Level 2.4 Dodging
 + Level 2.3 Stealth
 + Level 5.5 Shields
 + Level 0.3 Evocations


You had 8 spell levels left.
You didn't know any spells.
Your spell library contained the following spells:

 Spells                   Type           Power      Damage    Failure   Level
 Apportation              Tloc           0%         N/A       47%         1
 Alistair's Intoxication  Tmut/Pois      0%         N/A       100%        5


Dungeon Overview and Level Annotations

Branches:
Dungeon (7/15)             Temple (0/1) D:5

Altars:
Dithmenos
Fedhas
Hepliaklqana
Kikubaaqudgha
Trog
Vehumet
Zin
The Shining One

Shops:
D:1 [

Annotations:
D:7 Joseph


Innate Abilities, Weirdness & Mutations

You are completely covered in rugged brown scales. (AC +3, +7% HP)
Armour fits poorly on your strangely shaped body.
You have a long armoured tail.
You roll when moving toward enemies. (Rampage)
Your long tongue fully drains potion bottles. (2x potion effects)
Your tongue gives you trouble enunciating. (1.5x scroll delay)
You have large cloven feet.
You are partially covered in iridescent scales. (AC +2)
Your spells are a little harder to cast, but a little more powerful.
You expend magic power (3 MP) to strengthen your wands.


Message History

You see here the human corpse of Prince Ribbit.
You see here a +0 flail.
Joseph, a Mercenary comes into view.
He is wielding a +2 heavy quarterstaff and wearing a +3 leather armour of fire resistance.
Joseph shouts!
Joseph unwields a +2 heavy quarterstaff.
Joseph wields a +0 sling.
Joseph shoots a sling bullet.
The sling bullet hits you!
You see here a +0 flail.
Joseph shoots a sling bullet.
The sling bullet hits you!
Joseph shoots a sling bullet.
The sling bullet hits you but does no damage.
You roll towards Joseph!
Found 8 gold pieces.
Joseph unwields a +0 sling.
Joseph wields a +2 heavy quarterstaff.
Joseph hits you with a +2 heavy quarterstaff!!
You hit Joseph.
Joseph is poisoned.
Your tail-slap misses Joseph.
Joseph is lightly wounded.
You completely miss Joseph. You tail-slap Joseph, but do no damage.
Joseph is lightly wounded.
Joseph hits you but does no damage.
You completely miss Joseph.
Joseph is lightly wounded.
You block Joseph's attack.
You closely miss Joseph.
Joseph is lightly wounded.
You hit Joseph.
Joseph looks as sick as possible!
Joseph is lightly wounded.
Joseph hits you with a +2 heavy quarterstaff!!
* * * LOW HITPOINT WARNING * * *
You slurp down every last drop of the 2 fizzy dark potions!
It was a potion of mutation.
You feel extremely strange.
You feel your magical essence link to the dungeon's wands.
Your feet thicken and deform.
Iridescent scales grow over part of your body.
You feel less in control of your magic.
Setting a skill training target for Throwing at 6.0.
You hit Joseph but do no damage.
Joseph looks as sick as possible!
Your kick misses Joseph. You tail-slap Joseph.
Joseph is moderately wounded.
Joseph hits you with a +2 heavy quarterstaff!
You die...

#..................
#.................
#...†............
#............#.#
#...........#.#
#............#
#..........).#
############.# #@#
#...@# #....+
#....# #....#
#....# #...$#
#....#


You could see Joseph (extremely poisoned).

Vanquished Creatures
  Prince Ribbit (D:7)
  Sigmund (D:3)
  Eustachio (D:4)
  Duvessa (D:4)
  An ice beast (D:6)
  A black bear (D:5)
  An ogre (D:5)
  A centaur (D:6)
  A phantom (D:5)
  3 kobold brigands (D:6)
  2 scorpions (D:6)
  4 wights (D:6)
  Dowan (D:4)
  A hound (D:5)
  Crazy Yiuf (D:4)
  Jessica (D:2)
  Natasha (thrice) (D:4)
  2 iguanas
  An orc wizard (D:4)
  Robin (D:2)
  2 gnolls (D:5)
  6 adders
  A shadow imp (D:6)
  A white imp (D:5)
  2 worms (D:2)
  2 dart slugs
  14 orcs
  3 bats
  7 endoplasms
  5 giant cockroaches
  20 goblins
  9 hobgoblins
  6 jackals
  10 kobolds
  5 quokkas
  4 ball pythons
  2 frilled lizards
  6 rats
134 creatures vanquished.

Notes
Turn   | Place    | Note
-------+----------+-------------------------------------------
     0 | D:1      | sircluck the Armataur Fighter began the quest for the Orb.
     0 | D:1      | Reached XP level 1. HP: 19/19 MP: 1/1
   111 | D:1      | Reached skill level 4 in Armour
   111 | D:1      | Reached XP level 2. HP: 26/26 MP: 2/2
   593 | D:1      | Found Otuefety's Armour Emporium.
   655 | D:1      | Reached XP level 3. HP: 33/33 MP: 3/3
   970 | D:1      | Found a faded altar of an unknown god.
  1369 | D:2      | Identified the +5 rapier of Ofey {venom, *Corrode rElec
                  | Int+2}
  1396 | D:2      | Noticed Robin
  1414 | D:2      | Killed Robin
  1415 | D:2      | Reached XP level 4. HP: 32/40 MP: 1/4
  1671 | D:2      | Noticed Jessica
  1677 | D:2      | Killed Jessica
  1738 | D:2      | You fall into a shaft and drop 1 floor!
  1777 | D:3      | Reached skill level 1 in Short Blades
  1781 | D:3      | Reached XP level 5. HP: 48/48 MP: 5/5
  2340 | D:3      | Noticed Sigmund
  2351 | D:3      | Killed Sigmund
  2352 | D:3      | Reached skill level 5 in Armour
  2352 | D:3      | Reached skill level 1 in Stealth
  2352 | D:3      | Reached XP level 6. HP: 43/54 MP: 3/6
  2921 | D:4      | Noticed Natasha
  2928 | D:4      | Killed Natasha
  2953 | D:4      | Found a radiant altar of Vehumet.
  2959 | D:4      | Reached skill level 1 in Dodging
  2984 | D:4      | Noticed Natasha
  2990 | D:4      | Killed Natasha
  3002 | D:4      | Identified the +1 robe "Foiqac" {Harm rElec Str+3}
  3093 | D:4      | Noticed Natasha
  3111 | D:4      | Killed Natasha
  3199 | D:4      | Found a runed translucent door.
  3200 | D:4      | Noticed Crazy Yiuf
  3209 | D:4      | Killed Crazy Yiuf
  3215 | D:4      | Identified the +4 hammer "Ekilauc" {flame, rCorr Dex+3}
  3561 | D:4      | Noticed Eustachio
  3576 | D:4      | Killed Eustachio
  3577 | D:4      | Reached skill level 6 in Armour
  3577 | D:4      | Reached XP level 7. HP: 59/60 MP: 7/7
  4005 | D:4      | Noticed Duvessa
  4005 | D:4      | Noticed Dowan
  4018 | D:4      | Killed Duvessa
  4021 | D:4      | Killed Dowan
  4448 | D:5      | Entered Level 5 of the Dungeon
  4798 | D:5      | Reached XP level 8. HP: 70/70 MP: 8/8
  4803 | D:5      | Found an ancient bone altar of Kikubaaqudgha.
  4809 | D:5      | Found a glowing golden altar of the Shining One.
  4809 | D:5      | Found a glowing silver altar of Zin.
  4866 | D:5      | Found a blossoming altar of Fedhas.
  4884 | D:5      | Found a shadowy altar of Dithmenos.
  5218 | D:5      | Found a bloodstained altar of Trog.
  5478 | D:5      | Found a staircase to the Ecumenical Temple.
  5729 | D:6      | Reached skill level 5 in Short Blades
  6011 | D:6      | Reached skill level 5 in Shields
  6102 | D:6      | Reached skill level 7 in Armour
  6539 | D:6      | Found a hazy altar of Hepliaklqana.
  7016 | D:7      | Noticed Prince Ribbit
  7030 | D:7      | Killed Prince Ribbit
  7031 | D:7      | Reached XP level 9. HP: 61/77 MP: 7/9
  7043 | D:7      | Noticed Joseph
  7054 | D:7      | Gained mutation: You expend magic power (3 MP) to
                  | strengthen your wands. [potion of mutation]
  7054 | D:7      | Gained mutation: You have large cloven feet. [potion of
                  | mutation]
  7054 | D:7      | Gained mutation: You are partially covered in iridescent
                  | scales. (AC +2) [potion of mutation]
  7054 | D:7      | Gained mutation: Your spells are a little harder to cast,
                  | but a little more powerful. [potion of mutation]
  7055 | D:7      | Mangled by Joseph

Illustrated notes

Levels and vault maps discovered:
D:1:      roderic_crossed_star, layout_loops_corners, serial_shops,
          nicolae_shop_hallway_stairs, shapermc_ecumenical_altar_totnotflames,
          hex_medium
D:2:      layout_basic, uniq_jessica, uniq_robin
D:3:      layout_loops_ring, minmay_fractal_squares_gapless_5, uniq_sigmund
D:4:      layout_layer_cave, overflow_temple_1_default, uniq_eustachio,
          uniq_crazy_yiuf_cottage, uniq_duvessa, uniq_natasha
D:5:      layout_layer_cave, trog_antimagical, minmay_overflow_temple_star_hex,
          minmay_temple_entry_poolview
D:6:      layout_cave_pods, mainiacjoe_overflow_brackets
D:7:      layout_basic, uniq_maggie, uniq_joseph, uniq_prince_ribbit1

Skill      XL: |  1  2  3  4  5  6  7  8 |
---------------+-------------------------+-----
Armour         | 4 5 6 7 |  7.8
Fighting       | 3 4 |  4.7
Long Blades    | 2 |  2.7
Shields        | 4 5 |  5.5
Short Blades   | 1 2 3 4 6 |  6.1
Stealth        | 1 2 |  2.3
Dodging        | 1 2 |  2.4
Throwing       | |  0.5
Evocations     | |  0.3

Action                     |  1- 3 |  4- 6 |  7- 9 || total
---------------------------+-------+-------+-------++-------
  Melee: Long sword        |    94 |       |       ||    94
         Tailslap          |     5 |    11 |    26 ||    42
         Rapier            |    12 |   120 |   160 ||   292
  Throw: Dart              |       |     3 |       ||     3
         Stone             |       |     2 |       ||     2
  Evoke: Wand              |       |       |     2 ||     2
    Use: Potion            |       |       |     4 ||     4
   Stab: Invisible         |       |       |     4 ||     4
 Armour: Scale mail        |    90 |    64 |    67 ||   221
  Dodge: Dodged            |    54 |    49 |    64 ||   167
  Block: Buckler           |    31 |    23 |    52 ||   106

Table legend: (Time is in decaauts)
 A = Elapsed time spent in this place.
 B = Non-inter-level travel time spent in this place.
 C = Inter-level travel time spent in this place.
 D = Time resting spent in this place.
 E = Time spent auto-exploring this place.
 F = Levels seen in this place.
 G = Mean time per level.
                   A        B        C        D        E       F      G
               +--------+--------+--------+--------+--------+-----+--------+
         Total |   7123 |   6673 |    450 |    134 |   2762 |   7 | 1017.6 |
       Dungeon |   7123 |   6673 |    450 |    134 |   2762 |   7 | 1017.6 |
               +--------+--------+--------+--------+--------+-----+--------+

Top non-repeatable levels by time:
     D:4: 1632 daAuts
     D:6: 1289 daAuts
     D:5: 1265 daAuts
     D:1: 1232 daAuts
     D:2: 946 daAuts
     D:3: 711 daAuts
     D:7: 45 daAuts
